ESL (28 & UNDER)
NEWARK BULLDOGS @ KINGSTON IGUANAS
08/29/2028
 
TOP OF THE 1ST
Newark Bulldogs batting - Pitching for Kingston Iguanas : LHP Nick Clayton
Pitching: LHP Nick Clayton
Batting: LHB Gerardo Guzmán 0-0: Ball
1-0: Foul Ball, location: 2F
1-1: Foul Ball, location: 2F
1-2: Strikes out swinging
Batting: RHB Wilson Flores 0-0: Swinging Strike
0-1: Called Strike
0-2: Strikes out swinging
Batting: RHB Tony Long 0-0: Called Strike
0-1: Ball
1-1: DOUBLE (Line Drive, 9LM)
Batting: LHB Marvin Morris 0-0: Ball
1-0: Called Strike
1-1: Foul Ball, location: 2F
1-2: 2-RUN HOME RUN (Flyball, 9D), Distance : 367 ft
Batting: RHB Michael Skinner 0-0: Swinging Strike
0-1: Swinging Strike
0-2: Ground out 6-3 (Groundball, 6)
Top of the 1st over - 2 run(s), 2 hit(s), 0 error(s), 0 left on base; Newark 2 - Kingston 0
BOTTOM OF THE 1ST
Kingston Iguanas batting - Pitching for Newark Bulldogs : LHP Pedro Orozco
Pitching: LHP Pedro Orozco
Batting: RHB Manuel Gómez 0-0: Ball
1-0: Called Strike
1-1: Called Strike
1-2: Ball
2-2: Fly out, F9 (Flyball, 9S)
Batting: RHB Francisco Martínez 0-0: Ball
1-0: Ground out 6-3 (Groundball, 6)
Batting: LHB Dusty Wilson 0-0: Ground out 1-3 (Groundball, P)
Bottom of the 1st over - 0 run(s), 0 hit(s), 0 error(s), 0 left on base; Newark 2 - Kingston 0
TOP OF THE 2ND
Newark Bulldogs batting - Pitching for Kingston Iguanas : LHP Nick Clayton
Batting: LHB Gabriel Aragón 0-0: Swinging Strike
0-1: Ball
1-1: Ball
2-1: Foul Ball, location: 2F
2-2: Strikes out looking
Batting: LHB Wes Stone 0-0: Called Strike
0-1: Ball
1-1: Foul Ball, location: 2F
1-2: Ball
2-2: Foul Ball, location: 2F
2-2: Fly out, F8 (Flyball, 8LS)
Batting: RHB Pablo Gómez 0-0: Swinging Strike
0-1: Ball
1-1: Foul Ball, location: 2F
1-2: Strikes out swinging
Top of the 2nd over - 0 run(s), 0 hit(s), 0 error(s), 0 left on base; Newark 2 - Kingston 0
BOTTOM OF THE 2ND
Kingston Iguanas batting - Pitching for Newark Bulldogs : LHP Pedro Orozco
Batting: RHB Tommy Davenport 0-0: Fly out, F9 (Flyball, 9LM)
Batting: LHB Jon Quinn 0-0: Foul Ball, location: 2F
0-1: Called Strike
0-2: Foul Ball, location: 2F
0-2: Strikes out swinging
Batting: RHB Bob Lee 0-0: Called Strike
0-1: Ball
1-1: Bunt for hit - play at first, batter safe!
Batting: SHB Devin Smith 0-0: Ball
1-0: Called Strike
1-1: Fly out, F6 (Popup, 6)
Bottom of the 2nd over - 0 run(s), 1 hit(s), 0 error(s), 1 left on base; Newark 2 - Kingston 0
TOP OF THE 3RD
Newark Bulldogs batting - Pitching for Kingston Iguanas : LHP Nick Clayton
Batting: RHB Emílio Salas 0-0: Ball
1-0: Ball
2-0: Ball
3-0: Called Strike
3-1: Foul Ball, location: 2F
3-2: Foul Ball, location: 2F
3-2: SINGLE (Groundball, 6MD)
Batting: LHB Gerardo Guzmán 0-0: Ball
1-0: Ball
Wild Pitch!
Emílio Salas to second
2-0: DOUBLE (Flyball, 7LD)
Emílio Salas scores
Batting: RHB Wilson Flores 0-0: Ball
1-0: Ball
2-0: Ball
3-0: Base on Balls
Batting: RHB Tony Long 0-0: Ball
1-0: Ball
2-0: Swinging Strike
2-1: Ball
3-1: Called Strike
3-2: Strikes out swinging
Batting: LHB Marvin Morris 0-0: Called Strike
0-1: Swinging Strike
0-2: Strikes out looking
Batting: RHB Michael Skinner 0-0: Ball
1-0: Fielders Choice at 2nd, U6 (Groundball, 6M)
Top of the 3rd over - 1 run(s), 2 hit(s), 0 error(s), 2 left on base; Newark 3 - Kingston 0
BOTTOM OF THE 3RD
Kingston Iguanas batting - Pitching for Newark Bulldogs : LHP Pedro Orozco
Batting: RHB Sergio Mata 0-0: Ball
1-0: Foul Ball, location: 2F
1-1: Fly out, F6 (Popup, 56)
Batting: SHB John Beach 0-0: Ground out 6-3 (Groundball, 6)
Batting: RHB Manuel Gómez 0-0: SINGLE (Groundball, 6M) (infield hit)
Batting: RHB Francisco Martínez 0-0: 2-RUN HOME RUN (Flyball, 78XD), Distance : 403 ft
Batting: LHB Dusty Wilson 0-0: Ball
1-0: Ground out 5-3 (Groundball, 56)
Bottom of the 3rd over - 2 run(s), 2 hit(s), 0 error(s), 0 left on base; Newark 3 - Kingston 2
TOP OF THE 4TH
Newark Bulldogs batting - Pitching for Kingston Iguanas : LHP Nick Clayton
Batting: LHB Gabriel Aragón 0-0: Called Strike
0-1: Swinging Strike
0-2: Ball
1-2: Ball
2-2: Strikes out swinging
Batting: LHB Wes Stone 0-0: Foul Ball, location: 2F
0-1: Called Strike
0-2: Ball
1-2: Foul Ball, location: 2F
1-2: Foul Ball, location: 2F
1-2: Strikes out swinging
Batting: RHB Pablo Gómez 0-0: Ball
1-0: Foul Ball, location: 2F
1-1: Swinging Strike
1-2: Strikes out swinging
Top of the 4th over - 0 run(s), 0 hit(s), 0 error(s), 0 left on base; Newark 3 - Kingston 2
BOTTOM OF THE 4TH
Kingston Iguanas batting - Pitching for Newark Bulldogs : LHP Pedro Orozco
Batting: RHB Tommy Davenport 0-0: Foul Ball, location: 2F
0-1: Foul Ball, location: 2F
0-2: Ball
1-2: Ball
2-2: Ball
3-2: DOUBLE (Flyball, 89M)
Batting: LHB Jon Quinn 0-0: Ball
1-0: Ball
2-0: Ball
3-0: Base on Balls
Batting: RHB Bob Lee 0-0: SINGLE (Line Drive, 56D)
Tommy Davenport to third
Jon Quinn to second
Batting: SHB Devin Smith 0-0: Ball
1-0: Called Strike
1-1: Ball
2-1: Fly out, F8 (Flyball, 8LD)
Runner from 3rd tags up, SCORES, no throw
Batting: RHB Sergio Mata 0-0: Called Strike
0-1: Foul Ball, location: 2F
0-2: Ball
1-2: SINGLE (Line Drive, 6MD)
Jon Quinn to third
Bob Lee to second
Runner from 3rd tries for Home, throw and OUT!
Bob Lee to third
Sergio Mata to second
Batting: SHB John Beach 0-0: Ball
1-0: Ball
2-0: Called Strike
2-1: Ball
3-1: Fly out, F8 (Flyball, 8LD)
Bottom of the 4th over - 1 run(s), 3 hit(s), 0 error(s), 2 left on base; Newark 3 - Kingston 3
TOP OF THE 5TH
Newark Bulldogs batting - Pitching for Kingston Iguanas : LHP Nick Clayton
Batting: RHB Emílio Salas 0-0: Ball
1-0: Ground out 6-3 (Groundball, 6)
Batting: LHB Gerardo Guzmán 0-0: Called Strike
0-1: Ball
1-1: Foul Ball, location: 2F
1-2: Ball
2-2: Strikes out looking
Batting: RHB Wilson Flores 0-0: Foul Ball, location: 2F
0-1: Ball
1-1: Swinging Strike
1-2: Strikes out swinging
Top of the 5th over - 0 run(s), 0 hit(s), 0 error(s), 0 left on base; Newark 3 - Kingston 3
BOTTOM OF THE 5TH
Kingston Iguanas batting - Pitching for Newark Bulldogs : LHP Pedro Orozco
Batting: RHB Manuel Gómez 0-0: Ground out 6-3 (Groundball, 6)
Batting: RHB Francisco Martínez 0-0: Ball
1-0: Called Strike
1-1: Ball
2-1: Ball
3-1: Fly out, F9 (Flyball, 89S)
Batting: LHB Dusty Wilson 0-0: Ball
1-0: Foul Ball, location: 2F
1-1: Ball
2-1: Called Strike
2-2: Strikes out swinging
Bottom of the 5th over - 0 run(s), 0 hit(s), 0 error(s), 0 left on base; Newark 3 - Kingston 3
TOP OF THE 6TH
Newark Bulldogs batting - Pitching for Kingston Iguanas : LHP Nick Clayton
Batting: RHB Tony Long 0-0: Fly out, F2 (Popup, 5S)
Batting: LHB Marvin Morris 0-0: Called Strike
0-1: Foul Ball, location: 2F
0-2: Ball
1-2: Foul Ball, location: 2F
1-2: Ball
2-2: Strikes out swinging
Batting: RHB Michael Skinner 0-0: Foul Ball, location: 2F
0-1: Ball
1-1: Ball
2-1: Ball
3-1: Ground out 5-3 (Groundball, 56)
Top of the 6th over - 0 run(s), 0 hit(s), 0 error(s), 0 left on base; Newark 3 - Kingston 3
BOTTOM OF THE 6TH
Kingston Iguanas batting - Pitching for Newark Bulldogs : LHP Pedro Orozco
Batting: RHB Tommy Davenport 0-0: Swinging Strike
0-1: Ball
1-1: Ball
2-1: Ball
3-1: Foul Ball, location: 2F
3-2: Ground out 6-3 (Groundball, 6)
Batting: LHB Jon Quinn 0-0: Called Strike
0-1: Swinging Strike
0-2: Strikes out swinging
Batting: RHB Bob Lee 0-0: Bunt for hit - play at first, batter safe!
Batting: SHB Devin Smith 0-0: Called Strike
Bob Lee is caught stealing 2nd base
Bottom of the 6th over - 0 run(s), 1 hit(s), 0 error(s), 0 left on base; Newark 3 - Kingston 3
TOP OF THE 7TH
Newark Bulldogs batting - Pitching for Kingston Iguanas : LHP Nick Clayton
Pitching: LHP Dong-young Kang
Pinch Hitting: RHB Peter Sexton 0-0: Ball
1-0: Foul Ball, location: 2F
1-1: Fly out, F8 (Flyball, 89XD)
Pinch Hitting: RHB Norris Howard 0-0: Called Strike
0-1: Ball
1-1: Fly out, F9 (Flyball, 9LSF)
Batting: RHB Pablo Gómez 0-0: Called Strike
0-1: Ground out 5-3 (Groundball, 5S)
Top of the 7th over - 0 run(s), 0 hit(s), 0 error(s), 0 left on base; Newark 3 - Kingston 3
BOTTOM OF THE 7TH
Kingston Iguanas batting - Pitching for Newark Bulldogs : LHP Pedro Orozco
Now in LF: Norris Howard
Now in CF: Owen Moreno
Pinch Hitting: RHB Tim Davis 0-0: Called Strike
0-1: Ball
1-1: Ball
2-1: Foul Ball, location: 2F
2-2: Ball
3-2: Base on Balls
Batting: RHB Sergio Mata 0-0: Ball
1-0: Ball
2-0: Grounds into double play, 6-4-3 (Groundball, 6)
Batting: SHB John Beach 0-0: Ball
1-0: Fly out, F8 (Flyball, 8RD)
Bottom of the 7th over - 0 run(s), 0 hit(s), 0 error(s), 0 left on base; Newark 3 - Kingston 3
TOP OF THE 8TH
Newark Bulldogs batting - Pitching for Kingston Iguanas : LHP Dong-young Kang
Now in CF: Tim Davis
Batting: RHB Emílio Salas 0-0: Foul Ball, location: 2F
0-1: Ball
1-1: Foul Ball, location: 2F
1-2: Foul Ball, location: 2F
1-2: Strikes out looking
Pinch Hitting: RHB Gabriel Villegas 0-0: Foul Ball, location: 2F
0-1: Ball
1-1: Foul Ball, location: 2F
1-2: Foul Ball, location: 2F
1-2: Foul Ball, location: 2F
1-2: Ball
2-2: Ground out 5-3 (Groundball, 56)
Batting: RHB Wilson Flores 0-0: Foul Ball, location: 2F
0-1: Fly out, F9 (Flyball, 9)
Top of the 8th over - 0 run(s), 0 hit(s), 0 error(s), 0 left on base; Newark 3 - Kingston 3
BOTTOM OF THE 8TH
Kingston Iguanas batting - Pitching for Newark Bulldogs : LHP Pedro Orozco
Now at 3B: Juan Martínez
Pinch Hitting: RHB Bobby Armstrong 0-0: Ball
1-0: Fly out, F6 (Line Drive, 6M)
Batting: RHB Francisco Martínez 0-0: Ball
1-0: Swinging Strike
1-1: Ground out 6-3 (Groundball, 6)
Batting: LHB Dusty Wilson 0-0: Called Strike
0-1: Swinging Strike
0-2: Ball
1-2: Foul Ball, location: 2F
1-2: Ball
2-2: Ball
3-2: Base on Balls
Pitching: RHP Roberto Cordero
Batting: RHB Tommy Davenport 0-0: Called Strike
Throwing error on steal attempt, E2
Dusty Wilson to third
0-1: Ground out 1-3 (Groundball, 13S)
Bottom of the 8th over - 0 run(s), 0 hit(s), 1 error(s), 1 left on base; Newark 3 - Kingston 3
TOP OF THE 9TH
Newark Bulldogs batting - Pitching for Kingston Iguanas : LHP Dong-young Kang
Pitching: RHP Brandon Malet
Now at 3B: Bobby Armstrong
Batting: RHB Tony Long 0-0: Called Strike
0-1: Ball
1-1: Called Strike
1-2: Strikes out swinging
Batting: LHB Marvin Morris 0-0: Ball
1-0: Called Strike
1-1: Called Strike
1-2: Foul Ball, location: 2F
1-2: Ball
2-2: Foul Ball, location: 2F
2-2: Ball
3-2: Base on Balls
Batting: RHB Michael Skinner 0-0: Called Strike
0-1: Fly out, F2 (Popup, 23)
Batting: LHB Owen Moreno 0-0: Fly out, F8 (Flyball, 8RM)
Top of the 9th over - 0 run(s), 0 hit(s), 0 error(s), 1 left on base; Newark 3 - Kingston 3
BOTTOM OF THE 9TH
Kingston Iguanas batting - Pitching for Newark Bulldogs : RHP Roberto Cordero
Batting: LHB Jon Quinn 0-0: Ball
1-0: Called Strike
1-1: Swinging Strike
1-2: Ball
2-2: Ground out 1-3 (Groundball, 13S)
Pinch Hitting: LHB Gustavo Gómez 0-0: Ball
1-0: Called Strike
1-1: Ball
2-1: SINGLE (Line Drive, 6D)
Batting: RHB Tim Davis 0-0: Ball
1-0: Ball
2-0: Called Strike
2-1: Ball
3-1: Foul Ball, location: 2F
3-2: SINGLE (Flyball, 9LS)
Gustavo Gómez to second
Runner from 2nd tries for 3rd, SAFE, throw made to third
Pinch Hitting: LHB Billy Anderson 0-0: Ball
1-0: Foul Ball, location: 2F
1-1: Fly out, F7 (Flyball, 7LS)
Batting: SHB John Beach 0-0: Ball
1-0: Ball
2-0: Foul Ball, location: 2F
2-1: Ball
3-1: SINGLE (Groundball, 4MD)
Gustavo Gómez scores
Tuesday, August 8th, 2017 - OOTP Baseball 17.12 Build 75